 Dungeon Crawl Stone Soup version 0.23.0 (webtiles) character file.

Game seed: 7104753167720103676

53 grindst0ne the Sneak (level 3, -1/18 HPs)
             Began as a Spriggan Assassin on Feb 10, 2019.
             Shot with an arrow by a centaur (9 damage)
             ... on level 2 of the Dungeon.
             The game lasted 00:02:50 (1149 turns).

grindst0ne the Sneak (Spriggan Assassin)            Turns: 1149, Time: 00:02:51

Health: -1/18      AC:  3    Str:  7    XL:     3   Next: 64%
Magic:  4/4        EV: 17    Int: 12    God:
Gold:   36         SH:  0    Dex: 18    Spells: 2/2 levels left

rFire    . . .     SeeInvis +   a - +1 dagger (venom)
rCold    . . .     Gourm    .   (shield restricted)
rNeg     . . .     Faith    .   c - +0 robe
rPois    .         Spirit   .   (helmet restricted)
rElec    .         Reflect  .   d - +0 cloak
rCorr    .         Harm     .   (gloves unavailable)
MR       .....                  (boots unavailable)
Stlth    ++++......             (no amulet)
HPRegen  0.06/turn              (no ring)
MPRegen  0.09/turn              (no ring)

@: very quick
A: very small, unfitting armour, see invisible, herbivore, speed 3, slow
metabolism 2
a: no special abilities


You were on level 2 of the Dungeon.
You were not hungry.

You visited 1 branch of the dungeon, and saw 2 of its levels.

You collected 36 gold pieces.

Inventory:

Hand Weapons
 a - a +1 dagger of venom (weapon)
 b - a +0 blowgun
Missiles
 e - 8 poisoned needles
 f - 2 curare-tipped needles
Armour
 c - a +0 robe (worn)
 d - a +0 cloak (worn)
Scrolls
 j - a scroll of amnesia {unknown}
 m - a scroll of teleportation {unknown}
 n - 2 scrolls of identify {unknown}
Potions
 h - a potion of ambrosia {unknown}
 i - a potion of lignification {unknown}
 k - 2 potions of cancellation {unknown}
 l - a potion of flight {unknown}
 o - a potion of magic {unknown}
Comestibles
 g - 2 rations


   Skills:
 - Level 1.5 Fighting
 + Level 3.5 Short Blades
 - Level 2.0 Throwing
 - Level 1.5 Dodging
 + Level 7.1 Stealth


You had 2 spell levels left.
You didn't know any spells.
Your spell library was empty.

Dungeon Overview and Level Annotations

Branches:
Dungeon (2/15)

Altars:


Innate Abilities, Weirdness & Mutations

You are very small and have problems with some larger weapons.
You are too small for most types of armour.
You have supernaturally acute eyesight. (SInv)
You are a herbivore.
You cover ground extremely quickly.
You need to consume almost no food.


Message History

You hit the bat.
You kill the bat!
No target in view!
No target in view!
A quokka comes into view.
A quokka is nearby!
A centaur comes into view.
You hit the quokka.
The quokka is poisoned.
The quokka is moderately wounded.
The quokka misses you.
You hit the quokka.
You kill the quokka!
The centaur wields a +0 shortbow.
The centaur shoots an arrow.
The arrow hits you!
Ouch! That really hurt!
The centaur shoots an arrow.
The arrow completely misses you.
The centaur shoots an arrow.
The arrow misses you.
The centaur shoots an arrow.
The arrow hits you!
Ouch! That really hurt!
You die...

##..##..#
#........ ##.##.c#
#........ #..#..#
#.l...... ##.#..#
#........ # #.#..#
#.........# #.#..#
#.[.......#
#....####.........
##...#.).........
#@..#.######.###
##...........#
######..#.########
........>#.##...#
##########.##.#.#
#.##.#<# #.##.###
#....# ######


You could see a centaur.

Vanquished Creatures
  A dart slug (D:1)
  9 bats
  A giant cockroach (D:1)
  5 goblins (D:1)
  4 hobgoblins (D:1)
  10 jackals (D:1)
  5 kobolds
  A quokka (D:2)
  A ball python (D:1)
  3 frilled lizards
  3 rats (D:1)
43 creatures vanquished.

Notes
Turn   | Place    | Note
-------+----------+-------------------------------------------
     0 | D:1      | grindst0ne the Spriggan Assassin began the quest for the
                  | Orb.
     0 | D:1      | Reached XP level 1. HP: 10/10 MP: 2/2
    34 | D:1      | Reached skill level 6 in Stealth
   194 | D:1      | Reached XP level 2. HP: 14/14 MP: 3/3
   561 | D:1      | Reached XP level 3. HP: 14/18 MP: 4/4
   871 | D:1      | Reached skill level 7 in Stealth
  1131 | D:2      | Noticed a centaur
  1149 | D:2      | Shot with an arrow by a centaur

Skill      XL: |  1  2  3 |
---------------+----------+-----
Stealth        | 6 7 |  7.1
Short Blades   | 3 |  3.5
Fighting       | |  1.5
Throwing       | |  2.0
Dodging        | |  1.5

Action                   || total
-------------------------++-------
Melee: Dagger            ||   113
 Stab: Sleeping          ||    14
Armor: Robe              ||    22
Dodge: Dodged            ||    99
